 Dungeon Crawl Stone Soup version 0.25-a0-435-g4b9beb1024 (webtiles) character file.

Game seed: 1246970110352335862, levelgen mode: deterministic

2942 Elellon the Thaumaturge (level 9, -3/45 HPs)
             Began as a Deep Elf Conjurer on Jan 27, 2020.
             Was a Believer of Vehumet.
             Slain by a hog (8 damage)
             ... on level 7 of the Dungeon.
             The game lasted 00:13:54 (8841 turns).

Elellon the Thaumaturge (Deep Elf Conjurer)         Turns: 8841, Time: 00:13:54

Health: -3/45      AC:  6    Str:  7    XL:     9   Next: 51%
Magic:  3/25       EV: 17    Int: 22    God:    Vehumet [**....]
Gold:   329        SH:  0    Dex: 15    Spells: 21/29 levels left

rFire    . . .     SeeInvis .   (no weapon)
rCold    . . .     Gourm    .   (no shield)
rNeg     . . .     Faith    .   a - +0 robe
rPois    .         Spirit   .   k - +2 hat
rElec    .         Reflect  .   (no cloak)
rCorr    .         Harm     .   (no gloves)
MR       .....                  D - +1 pair of boots
Stlth    ++........             (no amulet)
HPRegen  0.15/turn              w - +4 ring of evasion
MPRegen  0.19/turn              (no ring)

@: no status effects
A: no striking features
a: Renounce Religion


You were on level 7 of the Dungeon.
You worshipped Vehumet.
Vehumet was pleased with you.
You were not hungry.

You visited 2 branches of the dungeon, and saw 8 of its levels.

You collected 420 gold pieces.
You spent 91 gold pieces at shops.

Inventory:

Armour
 a - a +0 robe (worn)
 k - a +2 hat (worn)
 D - a +1 pair of boots (worn)
Jewellery
 w - a +4 ring of evasion (left hand)
Wands
 h - a wand of acid (11)
 m - a wand of random effects (26)
 p - a wand of enslavement (9)
 x - a wand of paralysis (11)
Scrolls
 b - 6 scrolls of remove curse
 d - 2 scrolls of fog {unknown}
 j - a scroll of enchant armour {unknown}
 l - 2 scrolls of teleportation
 n - 5 scrolls of amnesia
 q - 2 scrolls of fear {unknown}
 r - 2 scrolls of magic mapping
 s - 2 scrolls of immolation
 t - 2 scrolls of noise {unknown}
 u - 2 scrolls of identify
 y - a scroll of blinking {unknown}
 E - a scroll of random uselessness {unknown}
 F - a scroll of vulnerability {unknown}
 H - a scroll of enchant weapon {unknown}
Potions
 e - 5 potions of curing
 f - a potion of invisibility {unknown}
 g - 3 potions of haste {unknown}
 i - 2 potions of agility {unknown}
 o - a potion of lignification {unknown}
 v - 3 potions of magic {unknown}
 z - 2 potions of heal wounds {unknown}
 A - a potion of degeneration {unknown}
 B - a potion of brilliance
 C - 3 potions of might {unknown}
Comestibles
 c - 4 rations
 G - 2 chunks of flesh


   Skills:
 - Level 2.4 Dodging
 - Level 2.4 Stealth
 + Level 10.5 Spellcasting
 + Level 9.6 Conjurations
 * Level 7.9 Fire Magic


You had 21 spell levels left.
You knew the following spells:

 Your Spells              Type           Power        Failure   Level  Hunger
a - Magic Dart            Conj           ####         1%          1    None
b - Searing Ray           Conj           ######       1%          2    None
c - Iskenderun's Mystic   Conj/Tloc      ####....     8%          4    #......
d - Foxfire               Conj/Fire      ####         1%          1    None

Your spell library contained the following spells:

 Spells                   Type           Power        Failure   Level  Hunger
 Conjure Flame            Conj/Fire      ######..     1%          3    None
 Dazzling Flash           Conj/Hex       ####..       2%          3    None
 Animate Skeleton         Necr           N/A          6%          1    None
 Apportation              Tloc           ##....       6%          1    None
 Corona                   Hex            ##.....      6%          1    None
 Summon Small Mammal      Summ           ##..         6%          1    None
 Fulminant Prism          Conj/Hex       ####......   8%          4    #......
 Confusing Touch          Hex            ##......     17%         3    None
 Gell's Gravitas          Tloc           ##........   17%         3    None
 Petrify                  Tmut/Erth      ##......     50%         4    #......
 Metabolic Englaciation   Hex/Ice        ##........   85%         5    ####...
 Yara's Violent Unravell  Hex/Tmut       ##........   85%         5    ####...


Dungeon Overview and Level Annotations

Branches:
Dungeon (7/15)             Temple (1/1) D:4

Altars:
Ashenzari
Cheibriados
Elyvilon
Fedhas
Gozag
Hepliaklqana
Kikubaaqudgha
Nemelex Xobeh
Okawaru
Qazlal
Ru
Sif Muna
Uskayaw
Vehumet
Wu Jian
Xom
Yredelemnul
Zin
The Shining One

Shops:
D:5 !   D:6 [

Annotations:
D:4 2 transporters, godzilla5595's ghost, amateur HuWn
D:6 1 runed translucent door, TimeIsEndless's ghost, novice GnFi


Message History

The hog bites you. The hog barely misses you.
Without enough magic to sustain it, your searing ray dissipates.
The hog barely misses you.
You barely miss the hog.
The hog is severely wounded.
The hog bites you.
You hit the hog but do no damage.
The hog is severely wounded.
The hog bites you.
* * * LOW HITPOINT WARNING * * *
The hog misses you.
You see here an arrow.
The hog barely misses you. The hog bites you!
* * * LOW HITPOINT WARNING * * *
Casting: Searing Ray (safe; 1% risk of failure)
Confirm with . or Enter, or press ? or * to list all spells.
You don't have enough magic to cast that spell.
The hog bites you!
You die...

... ... ##.......######.... ...
.. #####..................
...#### #..##.........#####....
....#. #..##.........# ###...)
....' #..##.........###....).
...)#######..#................###
..†..##........#.......##.....#
####.##.................#..##.###
###....(......h@.......#..##...#
#.####.........................#
#.....#.######.............###.#
#...)..(### #...........#..##..
#....##(.(# ##.......##.##.....
###...###.# ##)....###...#...#
#.#.# #.# ##...#.## ###.#.#.#
#.#.###.####..#...# #...#.#
#.#..##..##....(#.# #..##..


You could see a hog.

Vanquished Creatures
  Eustachio (D:6)
  3 hogs (D:7)
  A human (D:7)
  2 hungry ghosts
  Edmund (D:4)
  An orc warrior (D:7)
  A black bear (D:6)
  A sky beast (D:5)
  A necrophage (D:7)
  A centaur (D:7)
  2 bullfrogs
  A scorpion (D:4)
  5 killer bees (D:7)
  A howler monkey (D:4)
  2 crimson imps
  A centaur zombie (D:5)
  5 hounds
  A jelly (D:5)
  2 orc priests
  A bullfrog skeleton (D:4)
  5 orc wizards
  Terence (D:3)
  2 worker ants (D:7)
  8 gnolls
  15 adders
  3 shadow imps
  2 adder zombies (D:6)
  An ooze (D:6)
  An adder skeleton (D:7)
  3 worms
  4 dart slugs
  5 leopard geckos
  26 orcs
  6 bats
  A bat zombie (D:7)
  3 giant cockroaches
  10 goblins
  10 hobgoblins
  7 jackals
  14 kobolds
  2 quokkas
  2 ball pythons
  8 frilled lizards
  A giant cockroach zombie (D:5)
  14 rats
  2 rat zombies (D:7)
190 creatures vanquished.

Notes
Turn   | Place    | Note
-------+----------+-------------------------------------------
     0 | D:1      | Elellon the Deep Elf Conjurer began the quest for the Orb.
     0 | D:1      | Reached XP level 1. HP: 10/10 MP: 6/6
   278 | D:1      | Reached XP level 2. HP: 15/15 MP: 2/8
   524 | D:1      | Reached skill level 4 in Spellcasting
   894 | D:1      | Reached XP level 3. HP: 19/19 MP: 7/10
   943 | D:2      | Reached skill level 5 in Conjurations
  1011 | D:2      | Learned a level 2 spell: Searing Ray
  1052 | D:2      | Found an iron altar of Okawaru.
  1592 | D:2      | Reached XP level 4. HP: 12/24 MP: 1/12
  2145 | D:2      | Reached skill level 5 in Spellcasting
  2421 | D:3      | Noticed Terence
  2433 | D:3      | Killed Terence
  2536 | D:3      | Reached XP level 5. HP: 28/28 MP: 6/14
  2962 | D:3      | Reached skill level 6 in Spellcasting
  3739 | D:4      | Learned a level 4 spell: Iskenderun's Mystic Blast
  3778 | D:4      | Found a transporter.
  3792 | D:4      | Reached XP level 6. HP: 32/32 MP: 11/17
  3833 | D:4      | Found a staircase to the Ecumenical Temple.
  3843 | Temple   | Entered the Ecumenical Temple
  3903 | Temple   | Became a worshipper of Vehumet
  4263 | D:4      | Found a stormy altar of Qazlal.
  4552 | D:4      | Reached skill level 7 in Spellcasting
  4625 | D:4      | Noticed Edmund
  4645 | D:4      | Killed Edmund
  4645 | D:4      | Reached XP level 7. HP: 19/36 MP: 0/20
  4974 | D:4      | Found a transporter.
  4982 | D:4      | Noticed godzilla5595's ghost (amateur HuWn)
  5185 | D:5      | Entered Level 5 of the Dungeon
  5342 | D:5      | Reached skill level 8 in Spellcasting
  5345 | D:5      | Reached * piety under Vehumet
  5345 | D:5      | Offered knowledge of Foxfire by Vehumet.
  5430 | D:4      | Learned a level 1 spell: Foxfire
  5473 | D:5      | Found a white marble altar of Elyvilon.
  5539 | D:5      | Reached skill level 1 in Fire Magic
  6123 | D:5      | Found a snail-covered altar of Cheibriados.
  6166 | D:5      | Found an opulent altar of Gozag.
  6216 | D:5      | Found a shimmering altar of Xom.
  6217 | D:5      | Found a hazy altar of Hepliaklqana.
  6218 | D:5      | Noticed a spectral ugly thing
  6330 | D:5      | Found Adaets's Distillery.
  6333 | D:5      | Bought a potion of brilliance for 52 gold pieces
  6333 | D:5      | Bought a potion of curing for 39 gold pieces
  6474 | D:6      | Noticed Eustachio
  6479 | D:6      | Killed Eustachio
  6479 | D:6      | Reached XP level 8. HP: 36/41 MP: 14/22
  6692 | D:6      | Found a hide-covered altar of Uskayaw.
  6695 | D:6      | Noticed a +0 dagger
  6695 | D:6      | Noticed a +0 hand axe
  6888 | D:6      | Reached skill level 9 in Spellcasting
  7062 | D:6      | Found Qobot's Antique Armour Shop.
  7141 | D:6      | Found a runed translucent door.
  7289 | D:6      | Noticed TimeIsEndless's ghost (novice GnFi)
  7592 | D:7      | Reached skill level 5 in Fire Magic
  7686 | D:7      | Offered knowledge of Shock by Vehumet.
  7688 | D:7      | Reached ** piety under Vehumet
  7892 | D:7      | Reached XP level 9. HP: 45/45 MP: 17/24
  8021 | D:7      | Reached skill level 10 in Spellcasting
  8611 | D:7      | Found an ancient bone altar of Kikubaaqudgha.
  8667 | D:7      | Offered knowledge of Conjure Flame by Vehumet.
  8707 | D:7      | Found a glowing golden altar of the Shining One.
  8841 | D:7      | Slain by a hog

Levels and vault maps discovered:
D:1:      dpeg_arrival_yet_another_circle, layout_basic, minmay_misc_feat_rows
D:2:      minmay_door_path, layout_loops_cross, old_standard_altar,
          grunt_ministairs_9
D:3:      layout_basic, serial_rivers, chequers_serial_rivers_micro_c,
          chequers_serial_rivers_large_a, chequers_serial_rivers_room_a,
          chequers_serial_rivers_micro_b, minmay_misc_feat_rugged,
          kennysheep_generic_room_13, uniq_terence
D:4:      layout_gridville, old_standard_altar, minmay_temple_entry_grid,
          first_ration, gammafunk_ghost_stat_death, minmay_distorted,
          uniq_edmund
D:5:      layout_cave_pods, regret_index_temple_of_mockery, elyvilon_altar_3,
          kennysheep_slug_shrine, kennysheep_mini_moat, serial_shops,
          kennysheep_mini, lemuel_statue_altar
D:6:      layout_cave_pods, dancing_weapons_uskayaw, ebering_ghost_sewer_d,
          serial_shops, nicolae_shop_window_shopping, kennysheep_small_square,
          uniq_eustachio
D:7:      layout_rooms, lemuel_zombie_altar_kikubaaqudgha,
          nicolae_tso_swordbearing_angel, grunt_livestock
Temple:   jpeg_temple_island

Skill      XL: |  1  2  3  4  5  6  7  8  9 |
---------------+----------------------------+-----
Spellcasting   | 4 5 6 7 8 9 10 | 10.5
Conjurations   | 5 6 7 8 9 |  9.6
Fire Magic     | 3 6 7 |  7.9
Dodging        | |  2.4
Stealth        | |  2.4

Action                   |  1- 3 |  4- 6 |  7- 9 || total
-------------------------+-------+-------+-------++-------
Melee: Unarmed           |       |       |     2 ||     2
 Cast: Magic Dart        |    83 |   139 |   120 ||   342
       Searing Ray       |       |    11 |    42 ||    53
       Iskenderun's Myst |       |       |     9 ||     9
  Use: Scroll            |       |       |     7 ||     7
  Eat: Chunk             |     2 |     9 |    11 ||    22
       Ration            |       |       |     1 ||     1
Armor: Robe              |     1 |     7 |     9 ||    17
Dodge: Dodged            |     9 |    23 |    55 ||    87

Table legend:
 A = Non-vault XP
 B = Vault XP
 C = Vault XP percentage of total XP
 D = Non-vault monster count
 E = Vault monster count
 F = Vault count percentage of total count
                 A         B        C        D         E       F
            +---------+---------+-------+---------+---------+-------
      Total |    2957 |    1246 |  29.6 |     173 |      17 |   8.9
            +---------+---------+-------+---------+---------+-------
        D:1 |      40 |       1 |   2.4 |      21 |       1 |   4.5
        D:2 |      96 |      16 |  14.3 |      33 |       2 |   5.7
        D:3 |     148 |      55 |  27.1 |      29 |       3 |   9.4
        D:4 |     235 |     212 |  47.4 |      22 |       2 |   8.3
        D:5 |     525 |       4 |   0.8 |      22 |       1 |   4.3
        D:6 |     618 |     196 |  24.1 |      18 |       1 |   5.3
        D:7 |    1295 |     762 |  37.0 |      28 |       7 |  20.0
            +---------+---------+-------+---------+---------+-------
